3L
THUNDER BAY NORTHERN LIONS BC @ SEATTLE AVIATORS
09/23/2019
 
TOP OF THE 1ST
Thunder Bay Northern Lions BC batting - Pitching for Seattle Aviators : RHP Nathaniel O'Heyne
Pitching: RHP Nathaniel O'Heyne
Batting: RHB Ramiro Rico 0-0: Called Strike
0-1: Ball
1-1: Fly out, F1 (Popup, 23)
Batting: RHB Steve Brandon 0-0: DOUBLE (Line Drive, 7D)
Batting: LHB David Smith 0-0: Ball
1-0: Ball
2-0: Foul Ball, location: 2F
2-1: Ball
3-1: 2-RUN HOME RUN (Flyball, 8RXD), Distance : 430 ft
Batting: SHB Arnold Griffith 0-0: Ball
1-0: Swinging Strike
1-1: SINGLE (Line Drive, 7LM)
Batting: LHB Keith Bridges 0-0: Ball
1-0: Foul Ball, location: 2F
1-1: Ball
2-1: Ball
3-1: Foul Ball, location: 2F
3-2: Foul Ball, location: 2F
3-2: Foul Ball, location: 2F
3-2: Base on Balls
Arnold Griffith to second
Batting: RHB Duncan Thomas 0-0: Grounds into double play, 1-6-3 (Groundball, 13S)
Top of the 1st over - 2 run(s), 3 hit(s), 0 error(s), 1 left on base; Thunder Bay 2 - Seattle 0
BOTTOM OF THE 1ST
Seattle Aviators batting - Pitching for Thunder Bay Northern Lions BC : RHP Darryl Gordon
Pitching: RHP Darryl Gordon
Batting: LHB Phil Parkinson 0-0: Fly out, F8 (Flyball, 8LM)
Batting: RHB José Lozano 0-0: Ball
1-0: Foul Ball, location: 2F
1-1: Ball
2-1: Fly out, F9 (Flyball, 9D)
Batting: RHB John MacGregor 0-0: Called Strike
0-1: Ground out 5-3 (Groundball, 56)
Bottom of the 1st over - 0 run(s), 0 hit(s), 0 error(s), 0 left on base; Thunder Bay 2 - Seattle 0
TOP OF THE 2ND
Thunder Bay Northern Lions BC batting - Pitching for Seattle Aviators : RHP Nathaniel O'Heyne
Batting: LHB Don Sullivan 0-0: Ball
1-0: Ball
2-0: Swinging Strike
2-1: Swinging Strike
2-2: Ball
3-2: Ground out 5-3 (Groundball, 56)
Batting: LHB Juan Durán 0-0: Ground out 4-3 (Groundball, 4)
Batting: RHB Darryl Gordon 0-0: Called Strike
0-1: Ball
1-1: Ball
2-1: Ground out 5-3 (Groundball, 5L)
Top of the 2nd over - 0 run(s), 0 hit(s), 0 error(s), 0 left on base; Thunder Bay 2 - Seattle 0
BOTTOM OF THE 2ND
Seattle Aviators batting - Pitching for Thunder Bay Northern Lions BC : RHP Darryl Gordon
Batting: LHB Michael Greene 0-0: Ball
1-0: Foul Ball, location: 2F
1-1: Ball
2-1: Fly out, F2 (Popup, 23F)
Batting: LHB Vern Forrest 0-0: Ground out 3-1 (Groundball, 34)
Batting: LHB Salvador Vidal 0-0: Called Strike
0-1: Ball
1-1: Called Strike
1-2: Ball
2-2: Ball
3-2: Strikes out swinging
Bottom of the 2nd over - 0 run(s), 0 hit(s), 0 error(s), 0 left on base; Thunder Bay 2 - Seattle 0
TOP OF THE 3RD
Thunder Bay Northern Lions BC batting - Pitching for Seattle Aviators : RHP Nathaniel O'Heyne
Batting: RHB Ramiro Rico 0-0: Ground out 5-3 (Groundball, 5L)
Batting: RHB Steve Brandon 0-0: Ball
1-0: Called Strike
1-1: Ball
2-1: Called Strike
2-2: Foul Ball, location: 2F
2-2: Ball
3-2: Foul Ball, location: 2F
3-2: Strikes out swinging
Batting: LHB David Smith 0-0: Called Strike
0-1: Ball
1-1: Ball
2-1: Ball
3-1: Swinging Strike
3-2: Strikes out swinging
Top of the 3rd over - 0 run(s), 0 hit(s), 0 error(s), 0 left on base; Thunder Bay 2 - Seattle 0
BOTTOM OF THE 3RD
Seattle Aviators batting - Pitching for Thunder Bay Northern Lions BC : RHP Darryl Gordon
Batting: SHB Dan Hunt 0-0: Called Strike
0-1: Foul Ball, location: 2F
0-2: Strikes out looking
Batting: RHB Lane Rich 0-0: Foul Ball, location: 2F
0-1: Foul Ball, location: 2F
0-2: Ball
1-2: Ball
2-2: Foul Ball, location: 2F
2-2: Strikes out swinging
Batting: RHB Nathaniel O'Heyne 0-0: Ball
1-0: Ball
2-0: Called Strike
2-1: Fly out, F8 (Flyball, 8LM)
Bottom of the 3rd over - 0 run(s), 0 hit(s), 0 error(s), 0 left on base; Thunder Bay 2 - Seattle 0
TOP OF THE 4TH
Thunder Bay Northern Lions BC batting - Pitching for Seattle Aviators : RHP Nathaniel O'Heyne
Batting: SHB Arnold Griffith 0-0: Ball
1-0: Called Strike
1-1: Ball
2-1: Ball
3-1: Called Strike
3-2: Foul Ball, location: 2F
3-2: Base on Balls
Batting: LHB Keith Bridges 0-0: Ball
1-0: Fly out, F7 (Flyball, 7LM)
Batting: RHB Duncan Thomas 0-0: Ball
1-0: Swinging Strike
1-1: Swinging Strike
1-2: Foul Ball, location: 2F
1-2: Ball
2-2: Foul Ball, location: 2F
2-2: Foul Ball, location: 2F
2-2: SINGLE (Line Drive, 8LS)
Arnold Griffith to second
Batting: LHB Don Sullivan 0-0: Ball
1-0: Ball
2-0: Ball
3-0: Called Strike
3-1: Base on Balls
Arnold Griffith to third
Duncan Thomas to second
Batting: LHB Juan Durán 0-0: Ball
1-0: Ball
2-0: Ball
3-0: Called Strike
3-1: SINGLE (Groundball, 56D)
Arnold Griffith scores
Duncan Thomas to third
Don Sullivan to second
Batting: RHB Darryl Gordon 0-0: Called Strike
0-1: Ball
1-1: Swinging Strike
1-2: Foul Ball, location: 2F
1-2: Strikes out looking
Batting: RHB Ramiro Rico 0-0: Called Strike
0-1: Ground out 6-3 (Groundball, 6)
Top of the 4th over - 1 run(s), 2 hit(s), 0 error(s), 3 left on base; Thunder Bay 3 - Seattle 0
BOTTOM OF THE 4TH
Seattle Aviators batting - Pitching for Thunder Bay Northern Lions BC : RHP Darryl Gordon
Batting: LHB Phil Parkinson 0-0: Ball
1-0: Foul Ball, location: 2F
1-1: Ground out 1-3 (Groundball, 23)
Batting: RHB José Lozano 0-0: Ball
1-0: Called Strike
1-1: Called Strike
1-2: Reached on error, E2 (Groundball, 2L)
Batting: RHB John MacGregor 0-0: Swinging Strike
0-1: Foul Ball, location: 2F
0-2: Ball
1-2: Ball
2-2: Foul Ball, location: 2F
2-2: Fly out, F8 (Line Drive, 8LD)
Batting: LHB Michael Greene 0-0: Called Strike
0-1: Foul Ball, location: 2F
0-2: Fly out, F8 (Flyball, 8LD)
Bottom of the 4th over - 0 run(s), 0 hit(s), 1 error(s), 1 left on base; Thunder Bay 3 - Seattle 0
TOP OF THE 5TH
Thunder Bay Northern Lions BC batting - Pitching for Seattle Aviators : RHP Nathaniel O'Heyne
Batting: RHB Steve Brandon 0-0: Called Strike
0-1: Called Strike
0-2: SINGLE (Groundball, 56)
Batting: LHB David Smith 0-0: Foul Ball, location: 2F
0-1: Foul Ball, location: 2F
0-2: Ball
1-2: Grounds into double play, 1-6-3 (Groundball, 13S)
Batting: SHB Arnold Griffith 0-0: Foul Ball, location: 2F
0-1: Swinging Strike
0-2: Ball
1-2: Ball
2-2: SINGLE (Groundball, 4M)
Batting: LHB Keith Bridges 0-0: Ball
1-0: Fly out, F7 (Flyball, 7LD)
Top of the 5th over - 0 run(s), 2 hit(s), 0 error(s), 1 left on base; Thunder Bay 3 - Seattle 0
BOTTOM OF THE 5TH
Seattle Aviators batting - Pitching for Thunder Bay Northern Lions BC : RHP Darryl Gordon
Batting: LHB Vern Forrest 0-0: Foul Ball, location: 2F
0-1: Ball
1-1: Ground out 4-3 (Groundball, 4)
Batting: LHB Salvador Vidal 0-0: Ball
1-0: SOLO HOME RUN (Flyball, 8LXD), Distance : 420 ft
Batting: SHB Dan Hunt 0-0: Ball
1-0: Foul Ball, location: 2F
1-1: Swinging Strike
1-2: Foul Ball, location: 2F
1-2: Ball
2-2: Foul Ball, location: 2F
2-2: Strikes out swinging
Batting: RHB Lane Rich 0-0: Called Strike
0-1: Ball
1-1: Ball
2-1: Ball
3-1: Foul Ball, location: 2F
3-2: Fly out, F9 (Flyball, 89M)
Bottom of the 5th over - 1 run(s), 1 hit(s), 0 error(s), 0 left on base; Thunder Bay 3 - Seattle 1
TOP OF THE 6TH
Thunder Bay Northern Lions BC batting - Pitching for Seattle Aviators : RHP Nathaniel O'Heyne
Batting: RHB Duncan Thomas 0-0: Ball
1-0: Foul Ball, location: 2F
1-1: Ball
2-1: Ball
3-1: Base on Balls
Batting: LHB Don Sullivan 0-0: Bunted foul
0-1: Bunted foul
0-2: Fly out, F2 (Popup, 2LF)
Batting: LHB Juan Durán 0-0: Foul Ball, location: 2F
0-1: Called Strike
0-2: Strikes out looking
Batting: RHB Darryl Gordon 0-0: Ball
1-0: Foul Ball, location: 2F
1-1: Swinging Strike
1-2: Strikes out swinging
Top of the 6th over - 0 run(s), 0 hit(s), 0 error(s), 1 left on base; Thunder Bay 3 - Seattle 1
BOTTOM OF THE 6TH
Seattle Aviators batting - Pitching for Thunder Bay Northern Lions BC : RHP Darryl Gordon
Batting: RHB Nathaniel O'Heyne 0-0: Ball
1-0: Foul Ball, location: 2F
1-1: Foul Ball, location: 2F
1-2: Foul Ball, location: 2F
1-2: Strikes out swinging
Batting: LHB Phil Parkinson 0-0: Fly out, F8 (Flyball, 8RS)
Batting: RHB José Lozano 0-0: Called Strike
0-1: Called Strike
0-2: Ball
1-2: Foul Ball, location: 2F
1-2: Strikes out swinging
Bottom of the 6th over - 0 run(s), 0 hit(s), 0 error(s), 0 left on base; Thunder Bay 3 - Seattle 1
TOP OF THE 7TH
Thunder Bay Northern Lions BC batting - Pitching for Seattle Aviators : RHP Nathaniel O'Heyne
Batting: RHB Ramiro Rico 0-0: Called Strike
0-1: Swinging Strike
0-2: Ball
1-2: Ball
2-2: Ball
3-2: Base on Balls
Batting: RHB Steve Brandon 0-0: DOUBLE (Flyball, 7LD)
Ramiro Rico to third
Batting: LHB David Smith 0-0: Intentional Walk
Batting: SHB Arnold Griffith 0-0: Ball
1-0: Called Strike
1-1: Swinging Strike
1-2: Foul Ball, location: 2F
1-2: Strikes out swinging
Batting: LHB Keith Bridges 0-0: Ball
1-0: Ball
2-0: Ball
3-0: Foul Ball, location: 2F
3-1: Fly out, F5 (Popup, 56)
Pitching: RHP Alf Näsbom
Batting: RHB Duncan Thomas 0-0: Ball
1-0: Foul Ball, location: 2F
1-1: Swinging Strike
1-2: Strikes out swinging
Top of the 7th over - 0 run(s), 1 hit(s), 0 error(s), 3 left on base; Thunder Bay 3 - Seattle 1
BOTTOM OF THE 7TH
Seattle Aviators batting - Pitching for Thunder Bay Northern Lions BC : RHP Darryl Gordon
Batting: RHB John MacGregor 0-0: Ground out 6-3 (Groundball, 6)
Batting: LHB Michael Greene 0-0: Called Strike
0-1: Ball
1-1: Ball
2-1: SOLO HOME RUN (Flyball, 8LXD), Distance : 417 ft
Batting: LHB Vern Forrest 0-0: Ball
1-0: Called Strike
1-1: Ball
2-1: Called Strike
2-2: Ball
3-2: Base on Balls
Batting: LHB Salvador Vidal 0-0: Ball
Vern Forrest steals 2nd base
1-0: Called Strike
1-1: Ground out 5-3 (Groundball, 56S)
Vern Forrest to third
Batting: SHB Dan Hunt 0-0: Called Strike
0-1: Ball
1-1: Swinging Strike
1-2: Ball
2-2: Strikes out swinging
Bottom of the 7th over - 1 run(s), 1 hit(s), 0 error(s), 1 left on base; Thunder Bay 3 - Seattle 2
TOP OF THE 8TH
Thunder Bay Northern Lions BC batting - Pitching for Seattle Aviators : RHP Alf Näsbom
Batting: LHB Don Sullivan 0-0: Fly out, F7 (Flyball, 78M)
Batting: LHB Juan Durán 0-0: Ball
1-0: Swinging Strike
1-1: Ball
2-1: Ball
3-1: Foul Ball, location: 2F
3-2: Ground out 4-3 (Groundball, 4)
Pinch Hitting: LHB Curtis Peters 0-0: Called Strike
0-1: Foul Ball, location: 2F
0-2: Ball
1-2: Ball
2-2: Fly out, F8 (Flyball, 8LM)
Top of the 8th over - 0 run(s), 0 hit(s), 0 error(s), 0 left on base; Thunder Bay 3 - Seattle 2
BOTTOM OF THE 8TH
Seattle Aviators batting - Pitching for Thunder Bay Northern Lions BC : RHP Darryl Gordon
Pitching: RHP Benny York
Batting: RHB Lane Rich 0-0: Ball
1-0: Called Strike
1-1: Ball
2-1: Fly out, F8 (Flyball, 8RM)
Pinch Hitting: RHB Craig Stewart 0-0: Ball
1-0: Ball
2-0: Ball
3-0: Called Strike
3-1: DOUBLE (Line Drive, 9LM)
Batting: LHB Phil Parkinson 0-0: Ball
1-0: Called Strike
1-1: SINGLE (Popup, 56D)
Craig Stewart to third
Batting: RHB José Lozano 0-0: Called Strike
0-1: Grounds into double play, 5-4-3 (Groundball, 56)
Bottom of the 8th over - 0 run(s), 2 hit(s), 0 error(s), 1 left on base; Thunder Bay 3 - Seattle 2
TOP OF THE 9TH
Thunder Bay Northern Lions BC batting - Pitching for Seattle Aviators : RHP Alf Näsbom
Pitching: RHP Will Benton
Batting: RHB Ramiro Rico 0-0: Ball
1-0: DOUBLE (Groundball, 5L)
Batting: RHB Steve Brandon 0-0: Ball
1-0: Ball
2-0: Foul Ball, location: 2F
2-1: Foul Ball, location: 2F
2-2: Ball
3-2: Ground out 5-3 (Groundball, 56)
Batting: LHB David Smith 0-0: Intentional Walk
Batting: SHB Arnold Griffith 0-0: Called Strike
0-1: Ball
1-1: Ball
2-1: Swinging Strike
2-2: Grounds into double play, 6-4-3 (Groundball, 6)
Top of the 9th over - 0 run(s), 1 hit(s), 0 error(s), 1 left on base; Thunder Bay 3 - Seattle 2
BOTTOM OF THE 9TH
Seattle Aviators batting - Pitching for Thunder Bay Northern Lions BC : RHP Benny York
Batting: RHB John MacGregor 0-0: Called Strike
0-1: SINGLE (Popup, 4D)
Batting: LHB Michael Greene 0-0: Ball
1-0: Called Strike
1-1: Ball
2-1: Swinging Strike
2-2: Ball
3-2: Strikes out swinging
Batting: LHB Vern Forrest 0-0: Foul Ball, location: 2F
0-1: Ball
1-1: Called Strike
1-2: Foul Ball, location: 2F
1-2: Ball
2-2: Ground out 5-3 (Groundball, 5S)
John MacGregor to second
Batting: LHB Salvador Vidal 0-0: Called Strike
0-1: Called Strike
0-2: Foul Ball, location: 2F
0-2: Ground out U3 (Groundball, 3L)
Bottom of the 9th over - 0 run(s), 1 hit(s), 0 error(s), 1 left on base; Thunder Bay 3 - Seattle 2
This league is powered by Out of the Park Baseball, the baseball management simulation game for PC, Mac and Linux
Saturday, July 25th, 2015 - OOTP Baseball 15.6 Build 34